Construct Infanterie Kompanie
Selects Mechanized Battlegroup
Construct Panzergrenadier Kompanie
Pak 40 Anti-tank Gun Team
Construct Panzer Kompanie
Pak 40 Anti-tank Gun Team
Selects StuG Assault Group
Selects UNKNOWN (2160084)
Construct Panzer Kompanie
Selects Wespe Self-propelled Artillery
Selects Mechanized Assault
Wespe Self-propelled Artillery
Panzergrenadier Officer Quarters